 Dungeon Crawl Stone Soup version 0.30-a0-170-g85af917532 (webtiles) character file.

Game seed: 24969143911537617

10 freelancePsychic the Trooper (level 2, 0/26 HPs)
             Began as a Draconian Chaos Knight on Sept 30, 2022.
             Was a Plaything of Xom.
             Slain by a goblin
             ... wielding a +0 club
             ... led by Robin
              (4 damage)
             ... on level 1 of the Dungeon.
             The game lasted 00:00:43 (808 turns).

freelancePsychic the Trooper (DrCK)                  Turns: 808, Time: 00:00:44

Health: 0/26       AC:  4    Str: 14    XL:     2   Next: 10%
Magic:  2/2        EV: 12    Int: 12    God:    Xom [..*...]
Gold:   51         SH:  0    Dex: 10    Spells: 1/1 levels left

rFire   . . .      SeeInvis .    c - +0 dagger (venom)
rCold   . . .      Faith    .    (no shield)
rNeg    . . .      Spirit   .    (body armour unavailable)
rPois   .          Reflect  .    (helmet restricted)
rElec   .          Harm     .    (no cloak)
rCorr   .          Rampage  .    (no gloves)
Will    .....                    (no boots)
Stlth   +.........               (no amulet)
HPRegen 0.08/turn                (no ring)
MPRegen 0.08/turn                (no ring)

@: no status effects
A: AC +4, unfitting armour, cold-blooded
a: Renounce Religion


You were on level 1 of the Dungeon.
You worshipped Xom.
You were a toy of Xom.
You visited 1 branch of the dungeon, and saw 2 of its levels.

You collected 51 gold pieces.

Inventory:

Hand Weapons
 a - a +0 short sword of chaos
 c - a +0 dagger of venom (weapon)
 e - a +0 long sword
Potions
 d - a potion of lignification
 f - a potion of curing {unknown}
 g - a potion of mutation {unknown}
Miscellaneous
 b - a piece from Xom's chessboard (15/15) (quivered)


   Skills:
 + Level 3.4 Fighting
 * Level 3.3 Short Blades
 + Level 2.3 Dodging


You had one spell level left.
You didn't know any spells.
Your spell library was empty.

Dungeon Overview and Level Annotations

Branches:
Dungeon (2/15)

Altars:


Innate Abilities, Weirdness & Mutations

Your plain brown scales are hard. (AC +4)
You cannot fit into any form of body armour.
You are cold-blooded and may be slowed by cold attacks.


Message History

The goblin hits you but does no damage. The goblin closely misses you.
The hobgoblin barely misses you. Robin hits you but does no damage.
The goblin hits you with a +0 club.
You are too injured to fight recklessly!
You are too injured to fight recklessly!
You are too injured to fight recklessly!
You are too injured to fight recklessly!
You are too injured to fight recklessly!
You are too injured to fight recklessly!
You are too injured to fight recklessly!
You are too injured to fight recklessly!
You are too injured to fight recklessly!
You are too injured to fight recklessly!
You are too injured to fight recklessly!
You are too injured to fight recklessly!
You are too injured to fight recklessly!
You are too injured to fight recklessly!
You are too injured to fight recklessly!
You are too injured to fight recklessly!
You hit Robin but do no damage.
Robin looks as sick as possible!
You punch Robin.
Robin is severely wounded.
You barely miss Robin.
Robin is severely wounded.
The goblin hits you with a +0 club. The goblin hits you but does no damage.
The hobgoblin barely misses you.
Robin says, "Kneel, worm!"
Robin barely misses you. The goblin hits you with a +0 club.
You hit the hobgoblin but do no damage.
The hobgoblin is poisoned.
The goblin hits you with a +0 club. The goblin completely misses you.
The hobgoblin closely misses you.
Robin's bangles clink loudly.
Robin barely misses you. The goblin misses you.
You hit the hobgoblin.
You kill the hobgoblin!
You kill Robin!
The goblin hits you but does no damage. The goblin hits you with a +0 club.
* * * LOW HITPOINT WARNING * * *
The goblin hits you with a +0 club.
You die... "Huh?
Did I miss anything?"

##########..######.#..#.#.
#...........# #.#....#.
#.########.#######.#.#..#.
#.# #.#............#. #.#
#.#.............. #.#
####...#####..##..#. #.#
###....#.#####..#####. #.#
#...ggg..#............ #.#
#.#.#@.############### #.#
#.#.)..#.P.#~.P#..P#..
#.###......#...#...#...#..
#..........##'###'###'###'
#######....#(.....[.......
###..'.......##.....
#####.##..............
#.....###'###'###'###'
#.....##P..#P.P#...#..


You could see 3 goblins.

Vanquished Creatures
  Robin (D:1)
  An endoplasm (D:1)
  2 giant cockroaches (D:1)
  A goblin (D:1)
  A hobgoblin (D:1)
  A quokka (D:1)
  2 bats (D:1)
  2 frilled lizards (D:1)
  A rat (D:1)
12 creatures vanquished.

Notes
Turn   | Place    | Note
-------+----------+-------------------------------------------
     0 | D:1      | freelancePsychic the Draconian Chaos Knight began the quest
                  | for the Orb.
     0 | D:1      | Reached XP level 1. HP: 19/19 MP: 1/1
   414 | D:1      | Reached XP level 2. HP: 26/26 MP: 2/2
   434 | D:1      | XOM: silly message
   482 | D:1      | XOM: silly message
   645 | D:1      | XOM: silly message
   797 | D:2      | Noticed Robin
   798 | D:2      | XOM: potion effect (curing)
   808 | D:1      | Killed Robin
   808 | D:1      | Slain by a goblin

Illustrated notes

Levels and vault maps discovered:
D:1:      dpeg_arrival_prison, layout_basic, hangedman_decor_lopped,
          hangedman_decor_opposing, nicolae_kite_square_tiling_tiny
D:2:      cheibrodos_greedy_goblins, layout_basic, basic_altar,
          shapermc_ecumenical_altar_notcrosses, kennysheep_donut,
          palyth_stone_intersect, nrook_uturn, uniq_robin, uniq_jessica,
          uniq_natasha

Action                   || total
-------------------------++-------
Melee: Dagger            ||    34
       Short sword       ||     4
       Tailslap          ||     5
       Punch             ||     2
  Use: Scroll            ||     2
 Stab: Sleeping          ||     1
Armor: Skin              ||    16
Dodge: Dodged            ||    32

Table legend: (Time is in decaauts)
 A = Elapsed time spent in this place.
 B = Non-inter-level travel time spent in this place.
 C = Inter-level travel time spent in this place.
 D = Time resting spent in this place.
 E = Time spent auto-exploring this place.
 F = Levels seen in this place.
 G = Mean time per level.
                   A        B        C        D        E       F      G
               +--------+--------+--------+--------+--------+-----+--------+
         Total |    801 |    788 |     13 |      0 |    697 |   2 |  400.5 |
       Dungeon |    801 |    788 |     13 |      0 |    697 |   2 |  400.5 |
               +--------+--------+--------+--------+--------+-----+--------+

Top non-repeatable levels by time:
     D:1: 799 daAuts
     D:2: 2 daAuts
